 Dungeon Sprint DCSS version 0.30-a0-1085-g990a428a5c (webtiles) character file.

Game seed: 6612311235190019196

250 rocky1 the Geomancer (level 5, -5/28 HPs)
             Began as a Deep Elf Earth Elementalist on Apr 17, 2023.
             Was an Elder of Sif Muna.
             Killed from afar by Psyche (11 damage)
             ... with a puff of flame
             ... in the Dungeon (Sprint VII: "The Pits").
             The game lasted 00:01:58 (600 turns).

rocky1 the Geomancer (Deep Elf Earth Elementalist)   Turns: 600, Time: 00:01:59

Health: -5/28      AC:  2    Str:  5    XL:     5   Next: 88%
Magic:  11/14      EV: 12    Int: 22    God:    Sif Muna [****..]
Gold:   0          SH:  0    Dex: 15    Spells: 10/14 levels left

rFire   . . .      SeeInvis .    (no weapon)
rCold   . . .      Faith    .    (no shield)
rNeg    . . .      Spirit   .    a - +0 robe
rPois   .          Reflect  .    (no helmet)
rElec   .          Rampage  .    (no cloak)
rCorr   .          NoTele   +    (no gloves)
Will    .....                    (no boots)
Stlth   ++                       (no amulet)
HPRegen 0.24/turn                (no ring)
MPRegen 0.14/turn                (no ring)

@: no status effects
A: no striking features
a: Renounce Religion, Channel Magic, Forget Spell, Divine Exegesis


You were in the Dungeon.
You worshipped Sif Muna.
Sif Muna was greatly pleased with you.
You visited 1 branch

Inventory:

Armour
 a - a +0 robe (worn)
Scrolls
 g - a scroll of blinking
 i - 5 scrolls of amnesia
 j - a scroll of summoning
Potions
 b - 5 potions of magic
 c - 5 potions of heal wounds
 d - 5 potions of curing
 e - a potion of haste
 f - 3 potions of berserk rage
 h - 2 potions of invisibility


   Skills:
 - Level 2.4 Dodging
 - Level 2.4 Stealth
 + Level 5.3 Spellcasting
 + Level 3.3 Conjurations
 - Level 1.1 Transmutations
 + Level 12.6 Earth Magic


You had 10 spell levels left.
You knew the following spells:

 Your Spells              Type           Power      Damage    Failure   Level
a - Sandblast             Erth           100%       2d20      1%          1
b - Stone Arrow           Conj/Erth      82%        3d12      1%          3

Your spell library contained the following spells:

 Spells                   Type           Power      Damage    Failure   Level
 Passwall                 Tmut/Erth      30%        N/A       1%          2
 Petrify                  Tmut/Erth      36%        N/A       6%          4


Dungeon Overview and Level Annotations

Branches:
Dungeon (1/1)

Altars:
Ashenzari
Cheibriados
Dithmenos
Elyvilon
Fedhas
Gozag
Hepliaklqana
Kikubaaqudgha
Makhleb
Nemelex Xobeh
Okawaru
Qazlal
Ru
Sif Muna
Trog
Uskayaw
Vehumet
Wu Jian
Xom
Yredelemnul
Zin
The Shining One
Jiyva
Lugonu

Annotations:
D Psyche


Message History

The blast of sand hits the centaur!!
You kill the centaur!
Sif Muna accepts your kill.
Your Spellcasting skill gained 2 levels and is now at level 5!
Your Conjurations skill gained 3 levels and is now at level 3!
Unknown command.
You start resting.
Magic restored.
You start resting.
HP restored.
There is an open door here.
You see here a +0 shortbow.
You open the door.
Psyche the Insane Magess comes into view.
She is wielding a +3 dagger of chaos, wearing a +2 robe of cold resistance and carrying a wand of flame (7).
Psyche shouts!
Aiming: Sandblast (safe; 1% risk of failure)
Press: ? - help, Q - select action, (/) - cycle Shift-Dir - straight line, f - Psyche
Aim: Psyche, wielding a +3 dagger of chaos, wearing a +2 robe of cold resistance and carrying a wand of flame (7) (82% to hit)
The blast of sand hits Psyche!!
Psyche is heavily wounded.
Psyche hits you with a +3 dagger of chaos.
Psyche burns you.
Psyche gestures wildly while chanting.
Psyche flickers and vanishes!
Deactivating autopickup; reactivate with Ctrl-A.
Aiming: Sandblast (safe; 1% risk of failure)
Press: ? - help, Q - select action, (/) - cycle Shift-Dir - straight line, f - you That would be overly suicidal.
Okay, then.
Unknown command.
Aiming: Sandblast (safe; 1% risk of failure)
Press: ? - help, Q - select action, (/) - cycle Shift-Dir - straight line Something hits you! x2
* * * LOW HITPOINT WARNING * * *
Unknown command.
Aiming: Sandblast (safe; 1% risk of failure)
Press: ? - help, Q - select action, (/) - cycle Shift-Dir - straight line You hear a zap.
A puff of flame appears from out of thin air!
The puff of flame hits you!
You die...

#.#........##.......#
#'###########.......#
#..†....# #########
#.......# #...#...#
#.†###..#+#
#...#...#.+
#.†.....#{#
#.......)@#
###########


There were no monsters in sight!

Vanquished Creatures
  A centaur (D)
  A bullfrog (D)
  A scorpion (D)
  A mummy (D)
  A river rat (D)
  2 adders (D)
  A worm (D)
  An endoplasm (D)
  A giant cockroach (D)
  A hobgoblin (D)
  A quokka (D)
  A ball python (D)
  A ball python zombie (D)
  A frilled lizard (D)
  A rat (D)
16 creatures vanquished.

Notes
Turn   | Place    | Note
-------+----------+-------------------------------------------
     0 | D        | rocky1 the Deep Elf Earth Elementalist began the quest for
                  | the Orb.
     0 | D        | Reached XP level 1. HP: 10/10 MP: 6/6
    15 | D        | Reached skill level 5 in Earth Magic
    15 | D        | Reached XP level 2. HP: 15/15 MP: 5/8
    20 | D        | Found a bloodstained altar of Trog.
    20 | D        | Found a shimmering blue altar of Sif Muna.
    20 | D        | Found a viscous altar of Jiyva.
    20 | D        | Found a hazy altar of Hepliaklqana.
    20 | D        | Found an opulent altar of Gozag.
    21 | D        | Found a glowing golden altar of the Shining One.
    21 | D        | Found a glowing silver altar of Zin.
    21 | D        | Found a basalt altar of Yredelemnul.
    21 | D        | Found a shimmering altar of Xom.
    21 | D        | Found an ornate altar of the Wu Jian Council.
    21 | D        | Found a sacrificial altar of Ru.
    21 | D        | Found a stormy altar of Qazlal.
    21 | D        | Found an iron altar of Okawaru.
    21 | D        | Found a sparkling altar of Nemelex Xobeh.
    21 | D        | Found a burning altar of Makhleb.
    21 | D        | Found a blossoming altar of Fedhas.
    21 | D        | Found a white marble altar of Elyvilon.
    21 | D        | Found a shadowy altar of Dithmenos.
    21 | D        | Found a snail-covered altar of Cheibriados.
    24 | D        | Found a corrupted altar of Lugonu.
    24 | D        | Found a radiant altar of Vehumet.
    25 | D        | Found an ancient bone altar of Kikubaaqudgha.
    25 | D        | Found a hide-covered altar of Uskayaw.
    25 | D        | Found a broken altar of Ashenzari.
    40 | D        | Became a worshipper of Sif Muna the Loreminder
    84 | D        | Reached * piety under Sif Muna
    85 | D        | Reached skill level 6 in Earth Magic
    88 | D        | Reached skill level 7 in Earth Magic
    88 | D        | Reached XP level 3. HP: 5/19 MP: 2/9
   257 | D        | Noticed a scorpion
   262 | D        | Killed a scorpion
   263 | D        | Reached skill level 9 in Earth Magic
   263 | D        | Reached XP level 4. HP: 1/24 MP: 6/10
   265 | D        | Reached ** piety under Sif Muna
   308 | D        | Reached skill level 10 in Earth Magic
   376 | D        | Reached *** piety under Sif Muna
   396 | D        | Noticed a bullfrog
   401 | D        | Killed a bullfrog
   401 | D        | Reached **** piety under Sif Muna
   402 | D        | Reached skill level 12 in Earth Magic
   402 | D        | Reached XP level 5. HP: 20/28 MP: 4/11
   557 | D        | Learned a level 3 spell: Stone Arrow
   564 | D        | Noticed a centaur
   565 | D        | Killed a centaur
   566 | D        | Reached skill level 5 in Spellcasting
   597 | D        | Noticed Psyche
   600 | D        | Killed from afar by Psyche

Illustrated notes

Levels and vault maps discovered:
D:        pitsprint [storerooms_1, entrance_room_1, metal_vault_5, armoury_1,
          mini_pit_1, grid_room_1, main_hall_1, silver_pit, the_coven_1,
          the_vestibule_1, steel_vault_4, golden_pit, hallway_of_sentries,
          crystal_vault_5, iron_vault_2, final_vault]

Skill      XL: |  1  2  3  4  5 |
---------------+----------------+-----
Earth Magic    | 5 7 9 12 | 12.6
Spellcasting   | 5 |  5.3
Conjurations   | 3 |  3.3
Dodging        | |  2.4
Stealth        | |  2.4
Transmutations | |  1.1

Action                     |  1- 3 |  4- 6 || total
---------------------------+-------+-------++-------
  Melee: Unarmed           |     1 |       ||     1
   Cast: Sandblast         |    13 |    18 ||    31
    Use: Potion            |       |     2 ||     2
 Armour: Robe              |     1 |     1 ||     2
  Dodge: Dodged            |     4 |     3 ||     7

Table legend: (Time is in decaauts)
 A = Elapsed time spent in this place.
 B = Non-inter-level travel time spent in this place.
 C = Inter-level travel time spent in this place.
 D = Time resting spent in this place.
 E = Time spent auto-exploring this place.
 F = Levels seen in this place.
 G = Mean time per level.
                   A        B        C        D        E       F      G
               +--------+--------+--------+--------+--------+-----+--------+
         Total |    615 |    595 |     20 |    385 |      0 |   1 |  615.0 |
       Dungeon |    615 |    595 |     20 |    385 |      0 |   1 |  615.0 |
               +--------+--------+--------+--------+--------+-----+--------+

Top non-repeatable levels by time:
       D: 615 daAuts
